 Dungeon Crawl Stone Soup version 0.18.1-50-g88ac8fd (webtiles) character file.

4330 Gargoyl the Protected (level 10, 0/77 HPs)
             Began as a Demonspawn Abyssal Knight on Oct 3, 2016.
             Was a Priest of Lugonu.
             Slain by Grum
             ... wielding a +0 spear
              (14 damage)
             ... on level 8 of the Dungeon on Oct 4, 2016.
             The game lasted 00:23:56 (12792 turns).

Gargoyl the Protected (Demonspawn Abyssal Knight)  Turns: 12792, Time: 00:23:57

Health: 0/77       AC: 19    Str: 16    XL:     10   Next: 12%
Magic:  15/15      EV:  6    Int: 14    God:    Lugonu [***...]
Gold:   436        SH:  0    Dex: 12    Spells: 0 memorised, 9 levels left

rFire  + . .     SeeInvis .     u - +2 war axe
rCold  . . .     Gourm    .     d - +0 plate armour
rNeg   + . .     Faith    .     (no shield)
rPois  .         Spirit   .     e - +0 helmet
rElec  .         Dismiss  .     r - +0 cloak
rCorr  +         Reflect  .     (no gloves)
SustAt .         Harm     .     z - +0 pair of boots
MR     .....                    m - amulet of regeneration
Stlth  ..........               l - ring of positive energy
                                k - ring of resist corrosion

@: drained, not resistant to hostile enchantments, extremely unstealthy
A: talons 2, icy blue scales 1, fire resistance 1, mutation resistance 1
a: Depart the Abyss, Bend Space, Banish, Renounce Religion


You were on level 8 of the Dungeon.
You worshipped Lugonu.
Lugonu was most pleased with you.
You were not hungry.

You visited 1 branch of the dungeon, and saw 8 of its levels.
You visited the Abyss 1 time.

You collected 436 gold pieces.

Inventory:

Hand Weapons
 a - a +1 hand axe
 u - a +2 war axe (weapon)
Missiles
 t - 6 tomahawks (quivered)
Armour
 d - a +0 plate armour (worn)
 e - a +0 helmet (worn)
 r - a +0 cloak (worn)
 z - a +0 pair of boots (worn)
Jewellery
 c - a cursed amulet of rage
 k - a ring of resist corrosion (left hand)
 l - a ring of positive energy (right hand)
 m - an amulet of regeneration (around neck)
 s - an uncursed ring of flight
Wands
 q - a wand of flame (38/48)
Scrolls
 f - 2 scrolls of teleportation
 i - 6 scrolls of remove curse
 j - 4 scrolls of identify
Potions
 b - 2 potions of degeneration
Books
 p - a book of the Earth

   Spells                             Type                      Level
   a - Leda's Liquefaction            Hexes/Earth                  4
   b - Bolt of Magma                  Conjuration/Fire/Earth       5
   c - Statue Form                    Transmutation/Earth          6
   d - Iron Shot                      Conjuration/Earth            6
   e - Shatter                        Earth                        9
 x - a book of Geomancy

   Spells                             Type                      Level
   a - Sandblast                      Earth                        1
   b - Passwall                       Transmutation/Earth          2
   c - Stone Arrow                    Conjuration/Earth            3
   d - Petrify                        Transmutation/Earth          4
   e - Lee's Rapid Deconstruction     Earth                        5
 y - a book of Envenomations

   Spells                             Type                      Level
   a - Spider Form                    Transmutation/Poison         3
   b - Olgreb's Toxic Radiance        Poison                       4
   c - Alistair's Intoxication        Transmutation/Poison         5
   d - Poisonous Cloud                Conjuration/Poison/Air       6
Comestibles
 h - a slice of pizza
 o - 3 meat rations
 v - a royal jelly


   Skills:
 + Level 6.8(6.7) Fighting
 + Level 6.0(5.8) Axes
 * Level 9.5(9.4) Armour
 + Level 2.5(2.4) Dodging
 * Level 7.4(7.3) Invocations


You had 9 spell levels left.
You didn't know any spells.

Dungeon Overview and Level Annotations

Branches:
Dungeon (8/15)             Temple (0/1) D:6
   Lair: D:8-11

Altars:
Ashenzari
Cheibriados
Dithmenos
Elyvilon
Nemelex Xobeh
Trog
Xom
The Shining One

Annotations:
D:8 Grum


Innate Abilities, Weirdness & Mutations

You have razor-sharp toenails.
You are partially covered in icy blue scales (AC +1).
Your flesh is heat resistant.
You are somewhat resistant to further mutation.


Message History

Grum hits you but does no damage.
Drink which item? (? for menu, Esc to quit)
Okay, then.
You slash Grum!
Grum is severely wounded.
Grum hits you with a spear!
* * * LOW HITPOINT WARNING * * *
You barely miss Grum.
Grum is severely wounded.
Grum hits you but does no damage.
You hit Grum.
Grum is severely wounded.
Grum hits you with a spear.
* * * LOW HITPOINT WARNING * * *
You slash Grum!
Grum is almost dead.
Grum hits you but does no damage.
Grum shouts, "Rex!
Good boy!"
Grum hits you with a spear!
You die...

##........#
##.###.##.#### ##.#
#.##.##.## ##.#
#.##†#...## .#.#
#.........# ...#
####.#...## ...##
##.##.## .#.
....####...#.######.(...
................@gh...(.
....####....########.#..
...## ##.#.# ..## ###.#
.## #.# ## #.# #.


You could see Grum and a wolf.

Vanquished Creatures
  Pikel (D:8)
  The ghost of Enrond the Destroyer, a novice TeCj of Vehumet (D:7)
  Grinder (D:6)
  An orc warrior (D:6)
  An ice beast (D:6)
  A phantom (D:4)
  4 ogres
  2 wolves (D:8)
  3 centaurs
  2 crocodiles (D:7)
  Blork the orc (D:4)
  A giant frog (D:8)
  4 scorpions
  3 killer bees
  4 wights (D:8)
  8 howler monkeys
  3 crimson imps
  A centaur zombie (D:8)
  2 orc priests
  2 jellies
  4 hounds
  A centaur skeleton (D:7)
  Crazy Yiuf (D:4)
  A giant frog skeleton (D:4)
  3 iguanas
  3 orc wizards
  6 worker ants
  A worker ant zombie (D:6)
  7 adders
  6 gnolls
  2 river rats (D:3)
  A shadow imp (D:8)
  An ooze (D:3)
  9 worms
  2 dart slugs (D:1)
  3 giant geckos
  14 orcs
  2 bats
  8 giant cockroaches
  6 goblins
  7 hobgoblins
  8 jackals
  2 kobolds (D:1)
  6 ball pythons
  8 giant newts
  A jackal skeleton (D:5)
  A quokka skeleton (D:6)
  A quokka zombie (D:6)
  10 rats
171 creatures vanquished.

Vanquished Creatures (others)
  A hungry ghost (D:6)
  An orc warrior (D:6)
  A scorpion (D:7)
  A wight (D:8)
4 creatures vanquished.

Grand Total: 175 creatures vanquished

Notes
Turn   | Place    | Note
--------------------------------------------------------------
     0 | Abyss:1  | Gargoyl the Demonspawn Abyssal Knight began the quest for the Orb.
     0 | Abyss:1  | Reached XP level 1. HP: 18/18 MP: 2/2
   194 | Abyss:1  | Noticed a sky beast
   219 | D:1      | Escaped the Abyss
   242 | D:1      | Reached skill level 1 in Dodging
   304 | D:1      | Reached * piety under Lugonu
   378 | D:1      | Gained mutation: You are partially covered in icy blue scales (AC +1). [demonic ancestry]
   378 | D:1      | Reached XP level 2. HP: 24/24 MP: 4/4
   768 | D:1      | Reached skill level 2 in Armour
   952 | D:1      | Reached XP level 3. HP: 26/29 MP: 5/5
  2015 | D:2      | Found a shadowy altar of Dithmenos.
  2759 | D:3      | Reached XP level 4. HP: 37/37 MP: 6/6
  2881 | D:3      | Reached ** piety under Lugonu
  2907 | D:3      | Reached skill level 3 in Armour
  3512 | D:3      | Gained mutation: You have sharp toenails. [demonic ancestry]
  3512 | D:3      | Reached XP level 5. HP: 17/42 MP: 7/7
  3880 | D:4      | Noticed Blork the orc
  3945 | D:3      | HP: 2/42 [poisoned by a worker ant]
  4701 | D:4      | HP: 1/42 [something/puff of flame (10)]
  4705 | D:4      | Killed Blork the orc
  4705 | D:4      | Reached skill level 4 in Armour
  4705 | D:4      | Reached XP level 6. HP: 19/48 MP: 7/9
  5703 | D:4      | Found a snail-covered altar of Cheibriados.
  5728 | D:4      | Found a shattered altar of Ashenzari.
  5777 | D:4      | Reached XP level 7. HP: 20/54 MP: 10/10
  6061 | D:4      | Noticed Crazy Yiuf
  6076 | D:4      | Killed Crazy Yiuf
  6076 | D:4      | Reached skill level 5 in Armour
  7032 | D:5      | Entered Level 5 of the Dungeon
  7101 | D:5      | Reached skill level 6 in Armour
  7402 | D:5      | Found a glowing golden altar of the Shining One.
  7434 | D:5      | Noticed a moth of wrath
  7437 | D:5      | Found a bloodstained altar of Trog.
  7526 | D:5      | Reached skill level 5 in Invocations
  7583 | D:5      | Got a dazzling war axe
  7608 | D:5      | Identified the +2 war axe "Tastroits" {freeze, rC+ MR- MP+9} (You found it on level 5 of the Dungeon)
  7740 | D:5      | Reached *** piety under Lugonu
  7740 | D:5      | Gained mutation: You have razor-sharp toenails. [demonic ancestry]
  7740 | D:5      | Reached XP level 8. HP: 25/61 MP: 11/11
  8354 | D:5      | Found a white marble altar of Elyvilon.
  9020 | D:6      | Noticed Grinder
  9037 | D:6      | Paralysed by Grinder for 6 turns
  9054 | D:6      | Killed Grinder
  9054 | D:6      | Reached skill level 5 in Fighting
  9054 | D:6      | Reached skill level 7 in Armour
  9556 | D:7      | Found a sparkling altar of Nemelex Xobeh.
  9583 | D:7      | Noticed Enrond's ghost (novice TeCj)
  9910 | D:6      | Gained mutation: You are somewhat resistant to further mutation. [potion of mutation]
 10561 | D:6      | Found a staircase to the Ecumenical Temple.
 10840 | D:6      | Reached XP level 9. HP: 52/68 MP: 13/13
 10967 | D:6      | Reached skill level 8 in Armour
 11338 | D:6      | Reached skill level 5 in Axes
 11406 | D:7      | Killed Enrond's ghost
 12328 | D:8      | Reached skill level 9 in Armour
 12382 | D:8      | Found a shimmering altar of Xom.
 12391 | D:8      | Noticed Pikel
 12416 | D:8      | Killed Pikel
 12499 | D:8      | Gained mutation: Your flesh is heat resistant. [demonic ancestry]
 12499 | D:8      | Reached XP level 10. HP: 67/77 MP: 15/15
 12765 | D:8      | Noticed Grum
 12792 | D:8      | Slain by Grum

Skill      XL: |  1  2  3  4  5  6  7  8  9 10 |
---------------+-------------------------------+-----
Dodging        | 1 2 |  2.5
Axes           | 2 3 4 5 6 |  6.0
Armour         | 2 3 4 6 7 9 |  9.5
Invocations    | 3 4 5 6 7 |  7.4
Fighting       | 4 5 6 |  6.8

Action                   |  1- 3 |  4- 6 |  7- 9 | 10-12 || total
-------------------------+-------+-------+-------+-------++-------
Melee: Hand axe          |   153 |   340 |   181 |       ||   674
       Kick              |       |    61 |   104 |       ||   165
       War axe           |       |       |   362 |    68 ||   430
Throw: Tomahawk          |       |       |       |     2 ||     2
Invok: Depart the Abyss  |     1 |       |       |       ||     1
       Banish            |       |       |     4 |       ||     4
  Use: Potion            |     3 |     7 |     9 |       ||    19
       Scroll            |       |     6 |    10 |     1 ||    17
 Stab: Invisible         |       |       |     1 |       ||     1
  Eat: Chunk             |     6 |     9 |    11 |       ||    26
       Bread ration      |       |       |     5 |       ||     5
       Meat ration       |       |       |     1 |       ||     1
Armor: Plate armour      |   132 |   285 |   616 |    69 ||  1102
       Skin              |     1 |    22 |       |       ||    23
Dodge: Dodged            |    22 |    60 |   204 |    29 ||   315
